 Dungeon Crawl Stone Soup version 0.29-a0-872-g797fff5ad1 (webtiles) character file.

Game seed: 11114797785805894801

100 polve the Cutter (level 4, 0/35 HPs)
             Began as a Demonspawn Abyssal Knight on July 18, 2022.
             Was a Believer of Lugonu.
             Slain by an adder (3 damage)
             ... on level 3 of the Dungeon.
             The game lasted 00:02:10 (3196 turns).

polve the Cutter (Demonspawn Abyssal Knight)        Turns: 3196, Time: 00:02:10

Health: 0/35       AC:  6    Str: 16    XL:     4   Next: 47%
Magic:  6/6        EV: 11    Int: 11    God:    Lugonu [**....]
Gold:   194        SH:  0    Dex: 13    Spells: 3/3 levels left

rFire   . . .      SeeInvis .   m - +0 rapier
rCold   . . .      Faith    .   (no shield)
rNeg    . . .      Spirit   .   b - +0 leather armour
rPois   .          Reflect  .   k - +0 helmet
rElec   .          Harm     .   (no cloak)
rCorr   .          Rampage  .   (no gloves)
Will    .....                   (no boots)
Stlth   +.........              (no amulet)
HPRegen 0.11/turn               (no ring)
MPRegen 0.10/turn               (no ring)

@: no status effects
A: thin metallic scales 1, powered by death 1
a: Renounce Religion, Depart the Abyss, Bend Space


You were on level 3 of the Dungeon.
You worshipped Lugonu.
Lugonu was pleased with you.
You visited 1 branch of the dungeon, and saw 3 of its levels.
You visited the Abyss 1 time.

You collected 194 gold pieces.

Inventory:

Hand Weapons
 a - a +1 short sword
 m - a +0 rapier (weapon)
Armour
 b - a +0 leather armour (worn)
 k - a +0 helmet (worn)
Wands
 j - a wand of paralysis (13)
 l - a wand of digging (9)
Scrolls
 c - 3 scrolls of teleportation {unknown}
 f - a scroll of enchant weapon {unknown}
 g - a scroll of enchant armour {unknown}
 h - a scroll of immolation {unknown}
 i - a scroll of identify {unknown}
Potions
 d - a potion of brilliance {unknown}
 e - a potion of berserk rage {unknown}


   Skills:
 - Level 3.0 Fighting
 - Level 4.0 Short Blades
 - Level 1.7 Armour
 - Level 0.8 Dodging
 + Level 3.5 Invocations


You had 3 spell levels left.
You didn't know any spells.
Your spell library contained the following spells:

 Spells                   Type           Power      Damage    Failure   Level
 Blink                    Tloc           0%         N/A       54%         2
 Blade Hands              Tmut           0%         N/A       100%        5
 Irradiate                Conj/Tmut      0%         3d11      100%        5
 Manifold Assault         Tloc           0%         N/A       100%        5
 Dragon Form              Tmut           0%         N/A       100%        7
 Storm Form               Tmut/Air       0%         N/A       100%        7


Dungeon Overview and Level Annotations

Branches:
Dungeon (3/15)

Altars:


Innate Abilities, Weirdness & Mutations

You are partially covered in thin metallic scales. (AC +2)
You regenerate a little health from kills.


Message History

The adder bites you but does no damage.
You completely miss the adder.
You feel sick. The adder bites you but does no damage.
You hit the adder but do no damage.
You feel sick. The adder barely misses you. x2
You hit the adder. Your punch misses the adder.
The adder is moderately wounded.
You feel sick. The adder closely misses you.
You barely miss the adder.
The adder is moderately wounded.
You feel sick.
You are no longer poisoned.
The adder barely misses you.
You closely miss the adder.
The adder is moderately wounded.
The adder bites you but does no damage. The adder completely misses you.
You miss the adder.
The adder is moderately wounded.
The adder bites you.
* * * LOW HITPOINT WARNING * * *
You closely miss the adder.
The adder is moderately wounded.
The adder barely misses you.
You puncture the adder!
The adder is almost dead.
The adder barely misses you. The adder closely misses you.
You miss the adder. Your punch misses the adder.
The adder is almost dead.
The adder barely misses you.
You miss the adder.
The adder is severely wounded.
The adder bites you.
* * * LOW HITPOINT WARNING * * *
You closely miss the adder.
The adder is severely wounded.
The adder bites you.
* * * LOW HITPOINT WARNING * * *
You barely miss the adder.
The adder is severely wounded.
The adder bites you.
You die...

#..####.### #..###
########## #<.###
##.≈≈≈≈.≈####.....
#≈#######≈##.....#
#≈# ##≈#.......
#.# ≈#≈#.......
#≈# ≈#†#.......
#.# ≈#≈#.......
#@# ≈#≈#.......
#S#####≈#≈##.....#
##≈≈≈≈≈##.###...##
########.## ##'##
#.# #..# #.# #.#
#.## #.#
#^#####.######.##
#.##.......##...##
#.##.#####.#.....#


You could see an adder.

Vanquished Creatures
  A jelly (D:3)
  A river rat (D:3)
  2 dart slugs
  6 ball pythons
  7 endoplasms
  3 giant cockroaches
  4 goblins
  6 jackals
  5 kobolds
  2 quokkas
  6 bats
  5 frilled lizards
  3 rats
51 creatures vanquished.

Vanquished Creatures (others)
  A fungus (D:1)
  2 plants (D:1)
3 creatures vanquished.

Grand Total: 54 creatures vanquished

Notes
Turn   | Place    | Note
-------+----------+-------------------------------------------
     0 | Abyss:1  | polve the Demonspawn Abyssal Knight began the quest for the
                  | Orb.
     0 | Abyss:1  | Reached XP level 1. HP: 18/18 MP: 2/2
     0 | D:1      | Escaped the Abyss
   176 | D:1      | Reached skill level 2 in Short Blades
   321 | D:1      | Reached ** piety under Lugonu
   482 | D:1      | Gained mutation: You regenerate a little health from kills.
                  | [demonic ancestry]
   482 | D:1      | Reached XP level 2. HP: 13/24 MP: 3/3
   621 | D:1      | Found a faded altar of an unknown god.
  1038 | D:1      | Reached skill level 3 in Short Blades
  1486 | D:1      | Gained mutation: You are partially covered in thin metallic
                  | scales. (AC +2) [demonic ancestry]
  1486 | D:1      | Reached XP level 3. HP: 29/29 MP: 4/4
  2863 | D:3      | Reached skill level 4 in Short Blades
  2863 | D:3      | Reached XP level 4. HP: 22/35 MP: 4/6
  3196 | D:3      | Slain by an adder

Illustrated notes

Levels and vault maps discovered:
D:1:      sevenhm_arrival_forest_fort_large_2, layout_basic,
          shapermc_ecumenical_altar_mp_ritualfount
D:2:      layout_basic
D:3:      layout_loops_corners, mainiacjoe_overflow_alcove_2,
          amcnicky_altar_gilded, gup_sewer_entry_spiral,
          uniq_crazy_yiuf_cottage, uniq_ijyb

Skill      XL: |  1  2  3 |
---------------+----------+-----
Short Blades   | 2 3 4 |  4.0
Invocations    | 3 |  3.5
Fighting       | |  3.0
Armour         | |  1.7
Dodging        | |  0.8

Action                   |  1- 3 |  4- 6 || total
-------------------------+-------+-------++-------
Melee: Short sword       |   160 |    19 ||   179
       Punch             |     3 |       ||     3
       Rapier            |       |    47 ||    47
Invok: Depart the Abyss  |     1 |       ||     1
 Stab: Sleeping          |     2 |       ||     2
Armor: Leather armour    |    60 |    22 ||    82
Dodge: Dodged            |    82 |    38 ||   120

Table legend: (Time is in decaauts)
 A = Elapsed time spent in this place.
 B = Non-inter-level travel time spent in this place.
 C = Inter-level travel time spent in this place.
 D = Time resting spent in this place.
 E = Time spent auto-exploring this place.
 F = Levels seen in this place.
 G = Mean time per level.
                   A        B        C        D        E       F      G
               +--------+--------+--------+--------+--------+-----+--------+
         Total |   3204 |   3174 |     30 |      0 |   2694 |   4 |  801.0 |
       Dungeon |   3204 |   3174 |     30 |      0 |   2694 |   3 | 1068.0 |
         Abyss |      0 |      0 |      0 |      0 |      0 |   1 |    0.0 |
               +--------+--------+--------+--------+--------+-----+--------+

Top non-repeatable levels by time:
     D:1: 1569 daAuts
     D:2: 1195 daAuts
     D:3: 440 daAuts
